 Dungeon Sprint DCSS version 0.29-a0-838-g385bb11a5b (webtiles) character file.

Game seed: 326783329005774471

91 purpskrrrp the Reanimator (level 4, -2/36 HPs)
             Began as a Naga Necromancer on July 13, 2022.
             Slain by an adder (4 damage)
             ... in the Dungeon (Sprint IX: "|||||||||||||||||||||||||||||").
             The game lasted 00:05:15 (318 turns).

purpskrrrp the Reanimator (Naga Necromancer)         Turns: 318, Time: 00:05:19

Health: -2/36      AC:  2    Str: 10    XL:     4   Next: 57%
Magic:  2/7        EV: 10    Int: 17    God:
Gold:   0          SH:  0    Dex: 12    Spells: 6/7 levels left

rFire   . . .      SeeInvis +   c - +0 club
rCold   . . .      Faith    .   (no shield)
rNeg    . . .      Spirit   .   a - +0 robe
rPois   +          Reflect  .   (no helmet)
rElec   .          Harm     .   (no cloak)
rCorr   .          Rampage  .   (no gloves)
Will    .....      NoTele   +   (no barding)
Stlth   +++.......              (no amulet)
HPRegen 0.12/turn               (no ring)
MPRegen 0.10/turn               (no ring)

@: lethally poisoned (-2 -> -4), very slow
A: AC +1, large, see invisible, deformed body, poison resistance, slowness 2,
spit poison 1, naga tail 1
a: Spit Poison


You were in the Dungeon.
You visited 1 branch

Inventory:

Hand Weapons
 c - a +0 club (weapon)
Armour
 a - a +0 robe (worn)
Scrolls
 g - a scroll of blinking
Potions
 b - 2 potions of magic
 e - a potion of haste
 f - a potion of berserk rage


   Skills:
 - Level 1.7 Dodging
 * Level 5.8 Stealth
 - Level 0.1 Unarmed Combat
 - Level 2.1 Spellcasting
 * Level 8.9 Necromancy


You had 6 spell levels left.
You knew the following spells:

 Your Spells              Type           Power      Damage    Failure   Level
a - Necrotise             Necr           100%       1d9       1%          1

Your spell library contained the following spells:

 Spells                   Type           Power      Damage    Failure   Level
 Vampiric Draining        Necr           32%        2d8       1%          3
 Animate Dead             Necr           32%        N/A       4%          4
 Agony                    Necr           32%        N/A       14%         5


Dungeon Overview and Level Annotations

Branches:
Dungeon (1/1)

Altars:


Innate Abilities, Weirdness & Mutations

Your serpentine skin is tough. (AC +1)
You have supernaturally acute eyesight. (SInv)
Armour fits poorly on your strangely shaped body.
Your system is resistant to poisons. (rPois)
You cover ground very slowly.
You can spit poison.
You have a snake-like lower body.


Message History

The scorpion stings you but does no damage.
Casting: Necrotise (safe; 1% risk of failure)
Confirm with . or Enter, or press ? or * to list all spells.
Aiming: Necrotise (safe; 1% risk of failure)
Press: ? - help, Shift-Dir - straight line, f/p - scorpion
Aim: a scorpion (moderately wounded, chance to affect: 83%)
The scorpion writhes in agony.
You have got your breath back.
You feel sick. The scorpion stings you!
Casting: Necrotise (safe; 1% risk of failure)
Confirm with . or Enter, or press ? or * to list all spells.
Aiming: Necrotise (safe; 1% risk of failure)
Press: ? - help, Shift-Dir - straight line, f/p - scorpion
Aim: a scorpion (heavily wounded, chance to affect: 83%)
The scorpion writhes in agony.
You feel sick. The scorpion stings you!
Casting: Necrotise (safe; 1% risk of failure)
Confirm with . or Enter, or press ? or * to list all spells.
Aiming: Necrotise (safe; 1% risk of failure)
Press: ? - help, Shift-Dir - straight line, f/p - scorpion
Aim: a scorpion (heavily wounded, chance to affect: 83%)
The scorpion writhes in agony.
You feel sick. The scorpion barely misses you.
Casting: Necrotise (safe; 1% risk of failure)
Confirm with . or Enter, or press ? or * to list all spells.
Aiming: Necrotise (safe; 1% risk of failure)
Press: ? - help, Shift-Dir - straight line, f/p - scorpion
Aim: a scorpion (severely wounded, chance to affect: 83%)
The scorpion writhes in agony.
You feel sick. The scorpion stings you.
* * * LOW HITPOINT WARNING * * *
The scorpion stings you.
* * * LOW HITPOINT WARNING * * *
Casting: Necrotise (safe; 1% risk of failure)
Confirm with . or Enter, or press ? or * to list all spells.
Aiming: Necrotise (safe; 1% risk of failure)
Press: ? - help, Shift-Dir - straight line, f/p - scorpion
Aim: a scorpion (almost dead, chance to affect: 83%)
The scorpion writhes in agony!
You kill the scorpion!
* * * LOW HITPOINT WARNING * * *
You feel sick. The adder bites you.
You die... ▓▓▓▓▓▓▓▓▓▓▓▓▓▓▓▓▓▓ +.....'SS@.÷÷...<▓ ▓▓▓▓▓▓▓▓▓▓▓▓▓▓▓▓▓▓

You could see 2 adders.

Vanquished Creatures
  2 scorpions (D)
  A hound (D)
  A goblin (D)
  A jackal (D)
  A frilled lizard (D)
  2 rats (D)
8 creatures vanquished.

Notes
Turn   | Place    | Note
-------+----------+-------------------------------------------
     0 | D        | purpskrrrp the Naga Necromancer began the quest for the
                  | Orb.
     0 | D        | Reached XP level 1. HP: 15/15 MP: 3/3
   294 | D        | Noticed a scorpion
   294 | D        | Noticed a hound
   294 | D        | Noticed a scorpion
   299 | D        | Killed a scorpion
   300 | D        | Reached skill level 5 in Stealth
   300 | D        | Reached skill level 8 in Necromancy
   300 | D        | Reached XP level 2. HP: 18/22 MP: 3/5
   300 | D        | Reached XP level 3. HP: 23/28 MP: 3/6
   300 | D        | Reached XP level 4. HP: 29/36 MP: 3/7
   318 | D        | Killed a scorpion
   318 | D        | Slain by an adder

Illustrated notes

Levels and vault maps discovered:
D:        linesprint [early_d, line_temple, items_1, d_10, items_2, lair_1,
          lair_end, items_3, orc_1, orc_end, items_4, d_15, swamp_1, shoals_1,
          snake_1, spider_1, d_20, vaults_1, items_5, swamp_end, shoals_end,
          snake_end, spider_end, vaults_end, d_27, items_6, zot_1, zot_end,
          crypt_end, forest_end, elf_end, slime_end, tomb_end, abyss_end,
          pan_hell_end]

Skill      XL: |  1 |
---------------+----+-----
Stealth        | 5 |  5.8
Necromancy     | 8 |  8.9
Dodging        | |  1.7
Unarmed Combat | |  0.1
Spellcasting   | |  2.1

Action                   |  1- 3 |  4- 6 || total
-------------------------+-------+-------++-------
Melee: Unarmed           |    13 |       ||    13
       Club              |     2 |       ||     2
 Cast: Necrotise         |     2 |    10 ||    12
 Abil: Spit Poison       |     5 |     1 ||     6
  Use: Potion            |     1 |     2 ||     3
Armor: Robe              |     5 |     1 ||     6
Dodge: Dodged            |    14 |     5 ||    19

Table legend: (Time is in decaauts)
 A = Elapsed time spent in this place.
 B = Non-inter-level travel time spent in this place.
 C = Inter-level travel time spent in this place.
 D = Time resting spent in this place.
 E = Time spent auto-exploring this place.
 F = Levels seen in this place.
 G = Mean time per level.
                   A        B        C        D        E       F      G
               +--------+--------+--------+--------+--------+-----+--------+
         Total |    327 |    327 |      0 |    252 |      4 |   1 |  327.0 |
       Dungeon |    327 |    327 |      0 |    252 |      4 |   1 |  327.0 |
               +--------+--------+--------+--------+--------+-----+--------+

Top non-repeatable levels by time:
       D: 327 daAuts
